 Dungeon Sprint DCSS version 0.25.1-1-g288607f5aa (webtiles) character file.

Game seed: 15515463213375389299

437 jt the Spear-Bearer (level 7, 0/52 HPs)
             Began as a Formicid Fighter on July 27, 2020.
             Was an Initiate of Gozag.
             Slain by a slime creature (19 damage)
             ... in the Dungeon (Sprint I: "Red Sonja").
             The game lasted 00:02:00 (409 turns).

jt the Spear-Bearer (Formicid Fighter)               Turns: 409, Time: 00:02:00

Health: 0/52       AC:  6    Str: 23    XL:     7   Next: 21%
Magic:  8/8        EV:  9    Int:  7    God:    Gozag
Gold:   100        SH: 11    Dex: 10    Spells: 6/6 levels left

rFire    . . .     SeeInvis +   a - +0 trident
rCold    . . .     Gourm    .   c - +0 kite shield
rNeg     . . .     Faith    .   b - +0 scale mail
rPois    .         Spirit   .   (helmet unavailable)
rElec    .         Reflect  .   (no cloak)
rCorr    .         Harm     .   (no gloves)
MR       .....                  (no boots)
Stlth    ..........             (no amulet)
HPRegen  0.17/turn              (no ring)
MPRegen  0.11/turn              (no ring)

@: no status effects
A: permanent stasis, dig shafts and tunnels, four strong arms, antennae 3
a: Dig, Potion Petition, Call Merchant, Bribe Branch, Renounce Religion


You were in the Dungeon.
You worshipped Gozag.
Gozag was aware of your devotion.
You were not hungry.

You visited 1 branch You collected 412 gold pieces.
You spent 312 gold pieces at shops.

Inventory:

Hand Weapons
 a - a +0 trident (weapon)
Missiles
 p - 18 stones (quivered)
Armour
 b - a +0 scale mail (worn)
 c - a +0 kite shield (worn)
Wands
 l - a wand of digging (12)
 n - a wand of flame (15)
 r - a wand of clouds (3)
Scrolls
 k - a scroll of blinking
 o - a scroll of identify {unknown}
Potions
 e - 2 potions of curing
 h - a potion of haste
 i - 2 potions of magic
 j - a potion of berserk rage
 m - a potion of degeneration {unknown}
 q - a potion of lignification {unknown}
Comestibles
 d - a chunk of flesh
 f - a ration


   Skills:
 - Level 3.2 Fighting
 + Level 12.4 Polearms
 - Level 3.2 Armour
 - Level 9.0 Shields
 + Level 1.5 Evocations


You had 6 spell levels left.
You didn't know any spells.
Your spell library was empty.

Dungeon Overview and Level Annotations

Branches:
Dungeon (1/1)

Altars:
Cheibriados
Dithmenos
Elyvilon
Fedhas
Gozag
Hepliaklqana
Kikubaaqudgha
Makhleb
Nemelex Xobeh
Okawaru
Qazlal
Ru
Sif Muna
Trog
Uskayaw
Vehumet
Wu Jian
Xom
Yredelemnul
Zin
The Shining One
Jiyva
Lugonu

Shops:
D }[


Innate Abilities, Weirdness & Mutations

You cannot be hasted, slowed, berserked, paralysed or teleported.
You can dig through walls and to a lower floor.
Your four strong arms can wield two-handed weapons with a shield.
You have a pair of large antennae on your head. (SInv)


Message History

The slime creature is heavily wounded.
You hit the slime creature.
The slime creature is heavily wounded.
You block the slime creature's attack.
You hit the slime creature but do no damage.
The slime creature is heavily wounded.
You block the slime creature's attack.
You puncture the slime creature!
The slime creature is severely wounded.
You puncture the slime creature!
The slime creature is severely wounded.
You block the slime creature's attack.
You hit the slime creature.
The slime creature is almost dead.
The slime creature hits you.
You hit the slime creature.
The slime creature is almost dead.
The slime creature hits you!!
You die...
Your body crumbles into a pile of gold.

################ ##
#<.#..)..#.)+..#§§#$$ $
$ #..)..#..'..#.@J§§+$$
$ #..#####'#####'#_§# {
{ $ #..####..#...#.# ##
{{ $ #..#__##.#..##.# {
$$ #..#_____##'#_.+ {
#⌠⌠#_.∩...'..._# { $$
###._..__##_.#'##+#### {
#..#_____###+#.......##{
$ ########## ####+###.##
$


You could see a slime creature.

Vanquished Creatures
  A yak (D)
  Sigmund (D)
  An ogre (D)
  A jelly (D)
  Ijyb (D)
5 creatures vanquished.

Notes
Turn   | Place    | Note
-------+----------+-------------------------------------------
     0 | D        | jt the Formicid Fighter began the quest for the Orb.
     0 | D        | Reached XP level 1. HP: 18/18 MP: 1/1
     2 | D        | Noticed Ijyb
    44 | D        | Killed Ijyb
    44 | D        | Reached skill level 4 in Polearms
    44 | D        | Reached XP level 2. HP: 8/24 MP: 2/2
    44 | D        | Reached XP level 3. HP: 10/29 MP: 3/3
   257 | D        | Noticed an ogre
   261 | D        | Killed an ogre
   261 | D        | Reached skill level 6 in Polearms
   261 | D        | Reached XP level 4. HP: 35/35 MP: 4/4
   261 | D        | Reached XP level 5. HP: 41/41 MP: 5/5
   266 | D        | Noticed Sigmund
   268 | D        | Killed Sigmund
   268 | D        | Reached skill level 10 in Polearms
   268 | D        | Reached XP level 6. HP: 42/47 MP: 6/6
   273 | D        | Found a stormy altar of Qazlal.
   273 | D        | Found a blossoming altar of Fedhas.
   273 | D        | Found a bloodstained altar of Trog.
   273 | D        | Found an iron altar of Okawaru.
   273 | D        | Found a glowing golden altar of the Shining One.
   273 | D        | Found Neischut's Gadget Emporium.
   273 | D        | Found an ancient bone altar of Kikubaaqudgha.
   273 | D        | Found a hazy altar of Hepliaklqana.
   273 | D        | Found a hide-covered altar of Uskayaw.
   273 | D        | Found a basalt altar of Yredelemnul.
   273 | D        | Found a sparkling altar of Nemelex Xobeh.
   273 | D        | Found an opulent altar of Gozag.
   273 | D        | Found a snail-covered altar of Cheibriados.
   273 | D        | Found a sacrificial altar of Ru.
   273 | D        | Found a shadowy altar of Dithmenos.
   273 | D        | Noticed a yak
   276 | D        | Killed a yak
   276 | D        | Reached skill level 12 in Polearms
   276 | D        | Reached XP level 7. HP: 48/52 MP: 7/7
   277 | D        | Found a glowing silver altar of Zin.
   277 | D        | Found a white marble altar of Elyvilon.
   283 | D        | Became a worshipper of Gozag Ym Sagoz the Greedy
   305 | D        | Found a shimmering blue altar of Sif Muna.
   305 | D        | Found a radiant altar of Vehumet.
   305 | D        | Found an ornate altar of the Wu Jian Council.
   307 | D        | Reached skill level 1 in Evocations
   341 | D        | Found Veajuidi's Armour Emporium.
   382 | D        | Bought a wand of clouds (4) for 312 gold pieces
   393 | D        | Found a burning altar of Makhleb.
   393 | D        | Found a viscous altar of Jiyva.
   393 | D        | Found a shimmering altar of Xom.
   393 | D        | Found a corrupted altar of Lugonu.
   393 | D        | Noticed a slime creature
   409 | D        | Slain by a slime creature

Illustrated notes

Levels and vault maps discovered:
D:        dungeon_sprint_1 [red_sonja_temple_1, red_sonja_temple_small_1]

Skill      XL: |  1  2  3  4  5  6  7 |
---------------+----------------------+-----
Polearms       | 4 6 10 12 | 12.4
Shields        | 6 8 9 |  9.0
Evocations     | 1 |  1.5
Fighting       | |  3.2
Armour         | |  3.2

Action                   |  1- 3 |  4- 6 |  7- 9 || total
-------------------------+-------+-------+-------++-------
Melee: Trident           |    46 |     5 |    16 ||    67
 Abil: Dig               |       |     1 |     3 ||     4
Evoke: Wand              |       |       |     1 ||     1
  Use: Potion            |     1 |       |     1 ||     2
Armor: Scale mail        |    12 |       |       ||    12
Dodge: Dodged            |    10 |     2 |     1 ||    13
Block: Kite shield       |    21 |     1 |     4 ||    26
